 Dungeon Crawl Stone Soup version 0.21.1-1-g345015f (webtiles) character file.

427714 empire the Minotaur Blade (level 22, -35/226 HPs)
             Began as a Minotaur Fighter on May 25, 2018.
             Was the Champion of Cheibriados.
             Annihilated by a juggernaut (39 damage)
             ... on level 3 of the Depths on May 28, 2018.
             The game lasted 03:13:06 (50024 turns).

empire the Minotaur Blade (Minotaur Fighter)       Turns: 50024, Time: 03:13:06

Health: -35/226    AC: 29    Str: 45    XL:     22   Next: 77%
Magic:  29/29      EV: 31    Int: 28    God:    Cheibriados [******]
Gold:   549        SH: 19    Dex: 40    Spells: 20/27 levels left

rFire    . . .     SeeInvis .   b - +7 scimitar (flame)
rCold    . . .     Gourm    .   P - +0 shield {reflect}
rNeg     . . .     Faith    .   M - +2 plate armour {rPois}
rPois    +         Spirit   .   I - +0 hat of the Bagpipe {*Slow +Blink +Fly Int+6}
rElec    .         Reflect  +   k - +2 cloak {+Inv}
rCorr    +         Harm     .   t - +2 pair of gloves
MR       ++...                  d - +2 pair of boots
Stlth    ..........             g - amulet of Vitality {Regen+ HP+15}
HPRegen  0.87/turn              E - +6 ring of dexterity
MPRegen  0.21/turn              n - ring of resist corrosion

@: mighty, agile, silenced, very slow
A: retaliatory headbutt, beak, claws 1, horns 2, magic resistance 1, robust 1,
MP-powered wands
}: 2/15 runes: barnacled, gossamer
a: Renounce Religion, Evoke Blink, Evoke Invisibility, Evoke Flight


You were on level 3 of the Depths.
You worshipped Cheibriados.
Cheibriados was exalted by your worship.
You were not hungry.

You visited 9 branches of the dungeon, and saw 43 of its levels.
You visited the Abyss 3 times.
You visited 1 bazaar.
You also visited: Ice Cave.

You collected 5556 gold pieces.
You spent 5007 gold pieces at shops.

Inventory:

Hand Weapons
 a - a +7 scimitar of freezing
 b - a +7 scimitar of flaming (weapon)
 c - the +5 double sword of a Million Ships {venom, Str+4}
   (You acquired it in the Ecumenical Temple)

   It poisons the flesh of those it strikes.
   It affects your strength (+4).
Missiles
 T - 19 javelins (quivered)
Armour
 d - a +2 pair of boots (worn)
 k - a +2 cloak of invisibility (worn)
 t - a +2 pair of gloves (worn)
 I - the +0 hat of the Bagpipe (worn) {*Slow +Blink +Fly Int+6}
   (You found it on level 6 of the Lair of Beasts)

   It affects your intelligence (+6).
   It lets you fly.
   It lets you blink.
   It may slow you when you take damage.
 M - a +2 plate armour of poison resistance (worn)
 P - a +0 shield of reflection (worn)
Jewellery
 g - the amulet of Vitality (around neck) {Regen+ HP+15}
   (You bought it in a shop on level 1 of the Orcish Mines)

   [amulet of regeneration]

   It affects your health (+15).
   It increases your rate of regeneration.
 n - a ring of resist corrosion (right hand)
 E - a +6 ring of dexterity (left hand)
Wands
 l - a wand of acid (34)
 u - a wand of scattershot (5)
 x - a wand of flame (28)
 y - a wand of iceblast (52)
 C - a wand of disintegration (7)
 D - a wand of digging (19)
 Q - a wand of polymorph (21)
 R - a wand of clouds (10)
 Y - a wand of enslavement (19)
Scrolls
 e - 4 scrolls of blinking
 h - 8 scrolls of magic mapping
 i - a scroll of noise
 j - 2 scrolls of identify
 o - 18 scrolls of teleportation
 v - 2 scrolls of summoning
 F - 4 scrolls of silence
 G - 2 scrolls of fog
 H - 2 scrolls of fear
 X - a scroll of immolation
Potions
 m - 5 potions of ambrosia
 p - 14 potions of curing
 q - 3 potions of invisibility
 r - 2 potions of cancellation
 w - 6 potions of lignification
 z - 3 potions of mutation
 B - 3 potions of might
 L - 4 potions of agility
 N - 2 potions of resistance
 U - a potion of flight
Miscellaneous
 S - a phial of floods
Comestibles
 f - 67 rations


   Skills:
 - Level 15.0 Fighting
 * Level 21.5 Long Blades
 - Level 11.0 Throwing
 - Level 14.0 Armour
 - Level 14.0 Dodging
 - Level 14.0 Shields
 + Level 3.3 Spellcasting
 - Level 10.0 Charms
 - Level 10.0 Necromancy
 - Level 10.0 Translocations
 - Level 11.0 Invocations
 - Level 11.0 Evocations


You had 20 spell levels left.
You knew the following spells:

 Your Spells              Type           Power        Failure   Level  Hunger
a - Regeneration          Chrm/Necr      ######....   1%          3    ##.....
b - Shroud of Golubria    Chrm/Tloc      ######....   1%          2    #......
c - Blink                 Tloc           N/A          1%          2    #......


Dungeon Overview and Level Annotations

Branches:
Dungeon (15/15)            Temple (1/1) D:6            Lair (6/6) D:9
 Shoals (4/4) Lair:3       Spider (4/4) Lair:4        Slime (0/5) Lair:6
    Orc (2/2) D:11            Elf (3/3) Orc:2        Vaults (5/5) D:14
  Crypt (0/3) Vaults:3     Depths (3/5) D:15

Altars:
Ashenzari
Cheibriados
Dithmenos
Elyvilon
Fedhas
Gozag
Hepliaklqana
Kikubaaqudgha
Makhleb
Nemelex Xobeh
Okawaru
Qazlal
Ru
Sif Muna
Trog
Uskayaw
Vehumet
Wu Jian
Xom
Yredelemnul
Zin
The Shining One
Lugonu

Shops:
Orc:1 (=}   Orc:2 (*}?   Elf:1 }}=   Elf:2 (   Vaults:1 !   Vaults:3 }
Depths:2 *

Portals:
Hell: Depths:1 Depths:2 Depths:3
Abyss: Depths:1 Depths:3
Pandemonium: Depths:3

Annotations:
D:9 2 transporters
D:12 1 runed door
Depths:3 1 transporter, 1 runed door


Innate Abilities, Weirdness & Mutations

You reflexively headbutt those who attack you in melee.
You have a pair of horns on your head.
You have a beak for a mouth.
You have sharp fingernails.
You are resistant to hostile enchantments. (MR+)
You are robust. (+10% HP)
You expend magic power (3 MP) to strengthen your wands.


Message History

The juggernaut is severely wounded.
The juggernaut barely misses you.
You slice the juggernaut like a ripe choko!!!
You burn the juggernaut. You headbutt the juggernaut!
The juggernaut is almost dead.
Unknown command.
You hit the juggernaut but do no damage.
You headbutt the juggernaut.
The juggernaut is almost dead.
The juggernaut hits you!!!
* * * LOW HITPOINT WARNING * * *
The juggernaut hits you!!!
* * * LOW HITPOINT WARNING * * *
Okay, then.
Unknown command.
Okay, then.
You fail to use your ability.
You fail to use your ability.
You block the juggernaut's attack. The juggernaut hits you!!!
You die...

...# #y#####y#
#.# ...#
########### #.#
...#
##..'.©.'..## #.#
...#
##...'...'...#
#.# ####
###..[.#.!.#....#
#.# #########
#§#.[#########..#
#.# ........#
###..#y##W##y#..#
#.# #######.#
#y#..####+#### #
#.# ......#.#
#e#.†[@C)_:...
#.# #####.#.#
#e#...../[....
#.# # #.#^#
#i#..⌠..?$!..⌠
#.# # #.#.#
#T#...........
#.# # #.#.#
###...........
#.# # #.#.#
############ #.#
# #.#.#
#y#§####### #.. #
#.#.#
#####..©..### #.#
# #.#.#
#y#.....#y# #.#


You could see a juggernaut (berserk), a deep elf sorcerer, 3 moths of wrath, a
spriggan air mage, a deep troll earth mage and a silent spectre.

Vanquished Creatures
  Margery (Depths:3)
  Arachne (Spider:4)
  The ghost of kirsanium the Sorcerer, an adept DEFE of Vehumet (Vaults:4)
  Jorgrun (Shoals:2)
  A lich (Depths:2)
  Asterion (Vaults:1)
  A deep elf blademaster (Elf:2)
  A deep elf master archer (Elf:3)
  2 krakens
  2 sphinxes
  2 tengu reavers
  A storm dragon (Vaults:3)
  Donald (Spider:4)
  A daeva (Abyss:2)
  Ilsuiw (Shoals:4)
  Roxanne (Shoals:2)
  7 fire giants
  7 frost giants
  An iron dragon (Depths:1)
  10 vault wardens
  Louise (Shoals:2)
  10 deep elf sorcerers
  3 ghost moths
  7 emperor scorpions
  An orc warlord (Vaults:2)
  11 very ugly things
  12 ironheart preservers
  7 entropy weavers
  A war gargoyle (Vaults:1)
  17 stone giants
  2 deep elf demonologists
  A vampire knight (Depths:1)
  3 dire elephants (Lair:6)
  8 deep elf annihilators
  5 spark wasps
  Azrael (D:15)
  Snorg (Orc:1)
  An eidolon (Vaults:3)
  3 ettins
  4 merfolk javelineers (Shoals:4)
  A deep elf death mage (Elf:3)
  2 jiangshi (Depths:1)
  A blizzard demon (Abyss:3)
  8 yaktaur captains
  2 minotaurs (Depths:2)
  4 deep elf high priests (Elf:3)
  10 merfolk impalers
  Fannar (D:12)
  8 great orbs of eyes
  7 fire dragons
  Erolcha (D:12)
  7 ice dragons
  5 vault guards
  Harold (Lair:1)
  7 rakshasas
  2 servants of whispers (Vaults:1)
  An anaconda (Lair:6)
  4 hydras
  A centaur warrior (Vaults:3)
  4 merfolk avatars
  6 catoblepae
  21 two-headed ogres
  2 merfolk aquamancers
  4 deep troll shamans
  An alligator snapping turtle (Shoals:4)
  A queen ant (Spider:2)
  A satyr (Shoals:3)
  4 death knights
  4 hell hogs (Abyss:2)
  21 dancing weapons
  6 ogre magi
  8 death yaks
  A thrashing horror (Abyss:3)
  4 deep troll earth magi
  3 tengu warriors
  18 deep elf knights
  A vampire mage (Depths:1)
  4 orc high priests
  5 hell knights (Depths:3)
  3 spriggan berserkers
  A shock serpent (shapeshifter) (Elf:2)
  Sonja (D:12)
  A sun demon (Abyss:2)
  A soul eater (Depths:3)
  The ghost of cultivahabas the Pannier, a novice DsMo of Nemelex Xobeh (D:7)
  An iron troll (Depths:2)
  14 sea snakes
  A wretched star (Abyss:2)
  A fire crab (shapeshifter) (Elf:1)
  2 sixfirhies
  9 skeletal warriors
  A flayed ghost (Vaults:4)
  4 unseen horrors
  7 wizards
  2 glowing orange brains
  A torturous demonspawn (Depths:3)
  17 deep trolls
  10 ironbrand convokers
  9 deep elf archers
  3 lindwurms
  4 large abominations
  A lindwurm (shapeshifter) (Depths:2)
  An orb spider (shapeshifter) (Vaults:4)
  3 necromancers
  20 wolf spiders
  3 phantasmal warriors
  A salamander (shapeshifter) (Elf:2)
  12 harpies
  16 orc knights
  A stone giant zombie (Vaults:4)
  12 manticores
  10 orb spiders
  40 ugly things
  64 deep elf magi
  19 fauns
  5 orc sorcerers
  An oklob plant (Lair:2)
  19 cyclopes
  9 merfolk sirens
  A shining eye (shapeshifter) (Vaults:3)
  5 water nymphs (Shoals:4)
  A moth of wrath (Spider:4)
  2 guardian serpents (shapeshifter)
  A fire giant skeleton (Vaults:4)
  15 elephants (Lair:6)
  2 smoke demons
  A titan simulacrum (Abyss:2)
  7 vault sentinels
  A rust devil (Abyss:2)
  An apocalypse crab (Abyss:2)
  3 centaur zombies
  7 black mambas
  A spiny frog (shapeshifter) (Depths:3)
  11 spiny frogs
  2 hellions
  2 ice statues (IceCv)
  41 yaktaurs
  A gargoyle (D:13)
  3 kobold demonologists
  A freezing wraith (Vaults:2)
  14 komodo dragons
  4 rime drakes
  A hellwing (Abyss:2)
  8 demonic crawlers
  6 tengu conjurers
  A tormentor (Depths:3)
  An ancient zyme (Abyss:3)
  A red devil (Depths:1)
  39 merfolk
  A meliai (shapeshifter) (Depths:1)
  16 jumping spiders
  A hornet (shapeshifter) (Vaults:3)
  A harpy zombie (D:15)
  A polar bear (shapeshifter) (D:14)
  5 trolls
  Grinder (D:4)
  22 hornets
  5 wind drakes
  26 blink frogs
  9 raiju
  A slime creature (shapeshifter) (Vaults:2)
  9 snapping turtles
  A raiju (shapeshifter) (Vaults:2)
  6 dream sheep
  A saltling (Vaults:1)
  28 slime creatures
  11 hippogriffs
  48 redbacks
  A centaur simulacrum (D:14)
  12 spriggans (Lair:4)
  2 wraiths
  An air elemental (Elf:1)
  2 shadows
  2 ynoxinuls
  A yak (shapeshifter) (Elf:1)
  21 tarantellas
  19 water elementals
  9 wyverns
  An ettin skeleton (Vaults:4)
  7 fire elementals
  3 hogs (D:12)
  A human (D:12)
  A human (shapeshifter) (Vaults:2)
  2 basilisks
  Eustachio (D:6)
  A steam dragon (Lair:5)
  3 neqoxecs
  37 yaks
  3 hungry ghosts
  2 vampire mosquitoes (D:15)
  4 wargs
  An acid dragon (Vaults:2)
  A two-headed ogre zombie (D:11)
  24 soldier ants (Spider:2)
  15 water moccasins
  5 hell hounds
  16 ice beasts
  5 porcupines
  A black bear (Lair:4)
  A necrophage (D:11)
  3 sky beasts
  35 orc warriors
  A tengu (shapeshifter) (Abyss:2)
  2 hornet zombies
  7 phantoms
  21 ogres
  25 wolves
  5 boggarts
  33 centaurs
  16 crocodiles
  4 big kobolds (D:11)
  7 small abominations
  18 bullfrogs
  9 earth elementals
  5 scorpions
  A human simulacrum (Vaults:3)
  5 killer bees (D:12)
  4 electric eels
  7 crimson imps
  4 quasits
  9 starcursed masses (Abyss:2)
  4 bullfrog skeletons
  3 hounds
  8 jellies
  Crazy Yiuf (D:4)
  4 centaur skeletons
  27 orc priests
  30 orc wizards
  Ijyb (D:4)
  Terence (D:3)
  2 iguanas
  31 worker ants
  2 polar bear simulacra (Lair:4)
  3 yak simulacra (Lair:4)
  4 wolf simulacra (Lair:4)
  7 ogre zombies (D:11)
  A hound skeleton (D:5)
  7 adders
  3 gnolls (D:2)
  4 shadow imps
  4 white imps (Depths:3)
  2 ufetubi (Depths:3)
  An ooze (D:2)
  2 adder zombies
  5 adder skeletons
  4 worms
  4 dart slugs
  7 leopard geckos
  96 orcs
  5 giant cockroaches
  10 goblins
  11 hobgoblins
  20 jackals
  3 quokkas
  10 bats
  A frilled lizard (D:2)
  2 goblin zombies (D:11)
  3 hobgoblin skeletons (D:11)
  A jackal zombie (D:5)
  14 kobolds
  4 orc skeletons (D:11)
  16 orc zombies (D:11)
  A quokka zombie (D:5)
  9 rats
  2 river rat simulacra (Lair:4)
  2 bushes (Lair:2)
  2 fungi
  A lurking horror (Abyss:3)
  15 plants
  4 tentacles
1873 creatures vanquished.

Vanquished Creatures (collateral kills)
  A dire elephant (Lair:6)
  A freezing wraith (Vaults:4)
2 creatures vanquished.

Vanquished Creatures (others)
  A vault warden (Vaults:4)
  A deep elf sorcerer (Elf:3)
  An ironheart preserver (Vaults:2)
  A starcursed mass (Abyss:3)
  A minotaur (Depths:2)
  A yaktaur captain (Vaults:4)
  2 centaur warriors
  2 ironbrand convokers (Vaults:2)
  6 deep elf archers
  3 deep elf magi
  An ugly thing (Vaults:2)
  9 yaktaurs
  A yaktaur skeleton (Vaults:4)
  An ancient zyme (Abyss:3)
  A wolf (Lair:2)
  An orc priest (Orc:2)
  An orc wizard (Orc:2)
  26 fungi
  A lurking horror (Abyss:3)
  34 plants
  11 tentacles
106 creatures vanquished.

Grand Total: 1981 creatures vanquished

Notes
Turn   | Place    | Note
-------+----------+-------------------------------------------
     0 | D:1      | empire the Minotaur Fighter began the quest for the Orb.
     0 | D:1      | Reached XP level 1. HP: 19/19 MP: 0/0
    55 | D:1      | Reached skill level 3 in Long Blades
    60 | D:1      | Reached XP level 2. HP: 22/26 MP: 1/1
   530 | D:2      | Reached XP level 3. HP: 28/31 MP: 2/2
   683 | D:2      | Reached skill level 4 in Long Blades
   802 | D:2      | Reached XP level 4. HP: 34/39 MP: 3/3
  1132 | D:2      | Reached skill level 5 in Long Blades
  1428 | D:2      | Reached XP level 5. HP: 36/45 MP: 4/4
  1834 | D:3      | Noticed Terence
  1843 | D:3      | Reached skill level 5 in Armour
  1856 | D:3      | Killed Terence
  1856 | D:3      | Reached skill level 6 in Long Blades
  2142 | D:3      | Reached XP level 6. HP: 33/51 MP: 5/5
  2520 | D:4      | Noticed Grinder
  2522 | D:4      | Paralysed by Grinder for 3 turns
  2534 | D:4      | Killed Grinder
  2534 | D:4      | Reached skill level 7 in Long Blades
  2543 | D:4      | Reached XP level 7. HP: 52/57 MP: 6/6
  2574 | D:4      | Reached skill level 8 in Long Blades
  2779 | D:4      | Noticed Ijyb
  2796 | D:4      | Killed Ijyb
  2908 | D:4      | Found a runed door.
  2912 | D:4      | Noticed Crazy Yiuf
  2922 | D:4      | Killed Crazy Yiuf
  3081 | D:5      | Entered Level 5 of the Dungeon
  3096 | D:5      | Reached skill level 9 in Long Blades
  3120 | D:5      | Found an iron altar of Okawaru.
  3148 | D:5      | Found an iron altar of Okawaru.
  3148 | D:5      | Found a basalt altar of Yredelemnul.
  3167 | D:5      | Found a faded altar of an unknown god.
  3184 | D:5      | Found a shattered altar of Ashenzari.
  3185 | D:5      | Found a faded altar of an unknown god.
  3241 | D:5      | Reached XP level 8. HP: 31/64 MP: 7/7
  3760 | D:5      | Reached skill level 10 in Long Blades
  4066 | D:6      | Found a staircase to the Ecumenical Temple.
  4136 | Temple   | Entered the Ecumenical Temple
  4229 | Temple   | Became a worshipper of Cheibriados the Contemplative
  4590 | D:6      | Noticed Eustachio
  4613 | D:6      | Killed Eustachio
  4846 | D:6      | Reached skill level 10 in Armour
  4886 | D:7      | Noticed cultivahabas's ghost (novice DsMo)
  4927 | D:7      | Killed cultivahabas's ghost
  4927 | D:7      | Reached skill level 5 in Fighting
  4927 | D:7      | Reached XP level 9. HP: 17/75 MP: 8/8
  5302 | D:7      | Reached skill level 5 in Shields
  5383 | D:7      | Found a shadowy altar of Dithmenos.
  5393 | D:7      | Reached * piety under Cheibriados
  5415 | D:7      | Found a shimmering altar of Xom.
  5433 | D:7      | Found a stormy altar of Qazlal.
  6242 | D:8      | Noticed a two-headed ogre
  6255 | D:8      | Killed a two-headed ogre
  6255 | D:8      | Reached XP level 10. HP: 75/91 MP: 9/9
  6265 | D:8      | Found a shadowy altar of Dithmenos.
  6576 | D:9      | Found a staircase to the Lair.
  6576 | D:9      | Noticed a death yak
  6576 | D:9      | Noticed a death yak
  6576 | D:9      | Noticed a death yak
  6576 | D:9      | Noticed a death yak
  6576 | D:9      | Noticed a death yak
  6576 | D:9      | Noticed a death yak
  6578 | D:9      | Noticed a death yak
  6578 | D:9      | Noticed a death yak
  6591 | D:8      | Killed a death yak
  6591 | D:8      | Reached skill level 10 in Fighting
  6750 | D:9      | Reached ** piety under Cheibriados
  6814 | D:9      | Found a transporter.
  6847 | D:9      | Killed a death yak
  6857 | D:9      | Killed a death yak
  6857 | D:9      | Reached skill level 10 in Shields
  6867 | D:9      | Killed a death yak
  6867 | D:9      | Reached skill level 1 in Invocations
  6874 | D:9      | Killed a death yak
  6882 | D:9      | Killed a death yak
  6882 | D:9      | Reached XP level 11. HP: 26/101 MP: 10/12
  6888 | D:9      | Killed a death yak
  6888 | D:9      | Reached skill level 5 in Dodging
  6893 | D:9      | Killed a death yak
  6924 | Lair:1   | Entered Level 1 of the Lair of Beasts
  7202 | Lair:1   | Noticed Harold
  7212 | Lair:1   | Killed Harold
  7487 | Lair:1   | Reached skill level 5 in Invocations
  7492 | Lair:1   | Reached *** piety under Cheibriados
  8156 | Lair:1   | Reached skill level 10 in Dodging
  8188 | Lair:1   | Reached **** piety under Cheibriados
  8188 | Lair:1   | Reached XP level 12. HP: 107/107 MP: 15/15
  8423 | Lair:2   | Noticed a four-headed hydra
  8427 | Lair:2   | Noticed a six-headed hydra
  8434 | Lair:1   | Killed a four-headed hydra
  8434 | Lair:1   | Reached skill level 1 in Evocations
  8473 | Lair:2   | Killed a six-headed hydra
  8540 | Lair:2   | Reached ***** piety under Cheibriados
  8809 | Lair:2   | Reached skill level 5 in Evocations
  8896 | Lair:2   | Found a stormy altar of Qazlal.
  9766 | Lair:3   | Got a warped robe
  9780 | Lair:3   | Found a staircase to the Shoals.
  9814 | Shoals:1 | Entered Level 1 of the Shoals
  9814 | Shoals:1 | Noticed a merfolk avatar
 10002 | Lair:3   | Reached XP level 13. HP: 114/114 MP: 18/18
 10014 | Lair:3   | Identified the +1 robe of Ethics {rF+ MR+ Str+4} (You found it on level 3 of the Lair of Beasts)
 10619 | Lair:4   | Reached ****** piety under Cheibriados
 11142 | Lair:4   | Reached skill level 10 in Invocations
 11430 | Lair:4   | Reached skill level 1 in Throwing
 11481 | Lair:4   | Found a hole to the Spider Nest.
 11508 | Lair:4   | Reached skill level 10 in Evocations
 12777 | Lair:6   | Entered Level 6 of the Lair of Beasts
 12914 | Lair:6   | Reached XP level 14. HP: 103/122 MP: 20/20
 12971 | Lair:6   | Reached skill level 11 in Long Blades
 13007 | Lair:6   | Found a staircase to the Slime Pits.
 13196 | Lair:6   | Reached skill level 5 in Throwing
 13960 | Lair:6   | Got an ancient halberd
 13962 | Lair:6   | Identified the cursed +0 halberd "Bapn" {chop, rPois Str-2 Int+2 Dex+8} (You found it on level 6 of the Lair of Beasts)
 13966 | Lair:6   | Got an encrusted hat
 14404 | Lair:6   | Identified the +0 hat of the Bagpipe {*Slow +Blink +Fly Int+6} (You found it on level 6 of the Lair of Beasts)
 15029 | D:9      | Found a transporter.
 15052 | D:10     | Entered Level 10 of the Dungeon
 15422 | D:10     | Reached skill level 12 in Long Blades
 16235 | D:11     | Found a staircase to the Orcish Mines.
 16736 | D:11     | Identified Rischidub's Disquisition on Lucky Transmutation
 16889 | D:12     | Learned a level 3 spell: Regeneration
 16932 | D:12     | Noticed Sonja
 16938 | D:12     | Killed Sonja
 17046 | D:12     | Found a white marble altar of Elyvilon.
 17047 | D:12     | Found a runed door.
 17047 | D:12     | Noticed an angel
 17490 | D:12     | Noticed Erolcha
 17490 | D:12     | Noticed Fannar
 17496 | D:12     | Killed Erolcha
 17508 | D:12     | Killed Fannar
 17508 | D:12     | Reached skill level 13 in Long Blades
 17682 | D:13     | Found a frozen archway.
 17710 | IceCv    | Entered an ice cave
 17733 | IceCv    | Found a transporter.
 17895 | IceCv    | HP: 1/124 [white ugly thing (35)]
 18239 | D:13     | Reached XP level 15. HP: 118/129 MP: 20/22
 18493 | D:13     | Got a crude ring mail
 19854 | D:14     | Found a gate to the Vaults.
 20022 | D:14     | Found an iron altar of Okawaru.
 20344 | D:15     | Entered Level 15 of the Dungeon
 20619 | Temple   | Learned a level 2 spell: Shroud of Golubria
 20622 | Temple   | Learned a level 2 spell: Blink
 20754 | Orc:1    | Entered Level 1 of the Orcish Mines
 20754 | Orc:1    | Noticed Snorg
 20764 | Orc:1    | Killed Snorg
 20764 | Orc:1    | Reached skill level 14 in Long Blades
 20815 | Orc:1    | Found Razyqe's Jewellery Shoppe.
 20842 | Orc:1    | Bought the amulet of Vitality {Regen+ HP+15} for 869 gold pieces
 20842 | Orc:1    | Found the amulet of Vitality {Regen+ HP+15}
 20864 | Orc:1    | Found Biugiezaut's Weapon Shoppe.
 21114 | Orc:1    | Found Huexuiza's Gadget Emporium.
 21122 | Orc:1    | Bought a wand of acid (11) for 450 gold pieces
 21122 | Orc:1    | Bought a wand of iceblast (8) for 180 gold pieces
 21122 | Orc:1    | Bought a wand of iceblast (6) for 150 gold pieces
 21547 | Orc:2    | Entered Level 2 of the Orcish Mines
 21856 | Orc:2    | Found a staircase to the Elven Halls.
 22146 | Orc:2    | Found Plog's Magic Scroll Shop.
 22146 | Orc:2    | Found Diucil's Gadget Emporium.
 22152 | Orc:2    | Found Zeukk's Assorted Antiques.
 22152 | Orc:2    | Found Wuegoung's Antique Weapon Emporium.
 22158 | Orc:2    | Bought a scroll of fear for 56 gold pieces
 22158 | Orc:2    | Bought a scroll of identify for 32 gold pieces
 22158 | Orc:2    | Bought a scroll of identify for 32 gold pieces
 22158 | Orc:2    | Bought 3 scrolls of identify for 96 gold pieces
 22160 | Orc:2    | Bought a scroll of identify for 78 gold pieces
 22160 | Orc:2    | Bought a scroll of magic mapping for 136 gold pieces
 22160 | Orc:2    | Bought a scroll of teleportation for 117 gold pieces
 22160 | Orc:2    | Bought a scroll of remove curse for 117 gold pieces
 22469 | D:15     | Reached skill level 10 in Throwing
 22631 | D:15     | Got a blackened chain mail
 22715 | D:15     | Noticed Azrael
 22729 | D:15     | Killed Azrael
 22899 | D:15     | Noticed a fire giant
 23086 | D:15     | Found a staircase to the Depths.
 23100 | D:15     | Killed a fire giant
 23236 | D:15     | Identified the +5 chain mail of Ipteuhug {*Drain rElec SInv} (You found it on level 15 of the Dungeon)
 23553 | Shoals:1 | Reached XP level 16. HP: 118/137 MP: 23/23
 24696 | Shoals:2 | Noticed Roxanne
 24716 | Shoals:2 | Killed Roxanne
 24716 | Shoals:2 | Reached skill level 1 in Translocations
 24732 | Shoals:2 | Identified Roxanne's Incunabulum of the Rocks (You took it off Roxanne on level 2 of the Shoals)
 24937 | Shoals:2 | Noticed Jorgrun
 24964 | Shoals:2 | Killed Jorgrun
 25195 | Shoals:2 | Noticed Louise
 25227 | Shoals:2 | Killed Louise
 25227 | Shoals:2 | Reached skill level 5 in Translocations
 25653 | Shoals:3 | Got a dazzling short sword
 25877 | Shoals:3 | Noticed a kraken
 25885 | Shoals:3 | Killed a kraken
 26127 | Shoals:3 | Reached XP level 17. HP: 120/144 MP: 24/24
 26587 | Shoals:4 | Entered Level 4 of the Shoals
 26587 | Shoals:4 | Noticed a kraken
 26594 | Shoals:4 | Killed a kraken
 27009 | Shoals:4 | Noticed Ilsuiw
 27054 | Shoals:4 | Killed Ilsuiw
 27063 | Shoals:4 | Gained mutation: You occasionally shout uncontrollably at your foes. [mutagenic glow]
 27369 | Shoals:4 | Reached skill level 10 in Translocations
 27433 | Shoals:4 | Identified Sif Muna's Compendium of Shifting Envenoming
 27562 | Shoals:4 | Found the macabre finger necklace {rN+}
 27638 | Shoals:4 | Got a barnacled rune of Zot
 27676 | Shoals:4 | Reached skill level 1 in Charms
 28715 | Spider:1 | Entered Level 1 of the Spider Nest
 30483 | Spider:4 | Entered Level 4 of the Spider Nest
 30498 | Spider:4 | Noticed Donald
 30509 | Spider:4 | Killed Donald
 30509 | Spider:4 | Reached XP level 18. HP: 124/151 MP: 19/25
 30681 | Spider:4 | Noticed Arachne
 30730 | Spider:4 | Killed Arachne
 30825 | Spider:4 | Lost mutation: You occasionally shout uncontrollably at your foes. [potion of mutation]
 30825 | Spider:4 | Gained mutation: You are resistant to hostile enchantments. (MR+) [potion of mutation]
 30825 | Spider:4 | Gained mutation: You are robust. (+10% HP) [potion of mutation]
 30825 | Spider:4 | Gained mutation: You have sharp fingernails. [potion of mutation]
 30825 | Spider:4 | Gained mutation: You have a beak for a mouth. [potion of mutation]
 31027 | Spider:4 | Got a gossamer rune of Zot
 31055 | Spider:4 | Reached skill level 5 in Charms
 31909 | Elf:1    | Entered Level 1 of the Elven Halls
 31943 | Elf:1    | Found Qewec Neg's Jewellery Boutique.
 31943 | Elf:1    | Found Caofel's Gadget Emporium.
 31944 | Elf:1    | Found Carayda's Gadget Emporium.
 32013 | Elf:1    | Found a flickering gateway to a bazaar.
 32030 | Bazaar   | Entered a bazaar
 32030 | Bazaar   | Found Cyuseiti's Weapon Shoppe.
 32030 | Bazaar   | Found Teovut's Food Shoppe.
 32030 | Bazaar   | Found Jeoxt's Assorted Antiques.
 32032 | Bazaar   | Found Lumm's Antique Weapon Emporium.
 32070 | Elf:1    | Cast into level 2 of the Abyss (a wizard)
 32137 | Elf:1    | Escaped the Abyss
 33460 | Elf:2    | Found Bepuas's Weapon Boutique.
 33615 | Elf:2    | Reached XP level 19. HP: 162/172 MP: 17/26
 33638 | Elf:2    | Got a clouded ivory ring
 33817 | Elf:2    | Found a huge runed gate.
 33817 | Elf:2    | Found a huge runed gate.
 33817 | Elf:2    | Found a huge runed gate.
 33824 | Elf:2    | Found a huge runed gate.
 33825 | Elf:2    | Found a huge runed gate.
 34622 | Elf:3    | Entered Level 3 of the Elven Halls
 34971 | Elf:3    | Got a heavily runed ring mail
 35170 | Elf:3    | HP: 7/187 [deep elf master archer/arrow (3)]
 35785 | Elf:3    | Got a wavering platinum ring
 35861 | Elf:3    | Identified the ring of Uvyclos {Ice +Blink rPois MR++ Dex-3} (You took it off a deep elf mage on level 2 of the Elven Halls)
 35862 | Elf:3    | Identified the cursed ring "Qadorol" {rF+ EV-3 Str+4} (You found it on level 3 of the Elven Halls)
 35863 | Elf:3    | Identified a scroll of acquirement
 35881 | Elf:3    | Identified the +0 ring mail of New Discoveries {rPois rN+} (You found it on level 3 of the Elven Halls)
 36597 | Elf:3    | Got a shimmering hand axe
 36614 | Elf:3    | Identified Kikubaaqudgha's Tome of Unholy Secrets and the Rocks
 37244 | Elf:3    | Got a steaming rapier
 37246 | Elf:3    | Got a faintly glowing hunting sling
 37283 | Elf:3    | Got a warped leather armour
 37838 | Vaults:1 | Entered Level 1 of the Vaults
 37918 | Vaults:1 | Found a ruined gateway.
 37948 | Vaults:1 | Reached skill level 10 in Charms
 37959 | Vaults:1 | Cast into level 3 of the Abyss (a deep elf sorcerer)
 38041 | Abyss:3  | Reached skill level 1 in Necromancy
 38186 | Abyss:3  | Noticed a hellephant
 38334 | Vaults:1 | Escaped the Abyss
 38377 | Vaults:1 | Found Tyukom's Distillery.
 38413 | Vaults:1 | Bought a potion of heal wounds for 95 gold pieces
 38413 | Vaults:1 | Bought 2 potions of ambrosia for 304 gold pieces
 38413 | Vaults:1 | Bought a potion of lignification for 57 gold pieces
 38413 | Vaults:1 | Bought 2 potions of curing for 114 gold pieces
 38646 | Vaults:1 | Noticed Asterion
 38652 | Vaults:1 | Killed Asterion
 38676 | Vaults:1 | Cast into level 2 of the Abyss (a wizard)
 38978 | Abyss:2  | Gained mutation: You expend magic power (3 MP) to strengthen your wands. [a neqoxec]
 39136 | Vaults:1 | Escaped the Abyss
 39200 | Vaults:1 | Reached XP level 20. HP: 140/184 MP: 27/27
 39575 | Vaults:1 | Reached skill level 15 in Long Blades
 40722 | Vaults:2 | Reached skill level 5 in Necromancy
 41695 | Vaults:3 | Found Tuoraud's Gadget Shoppe.
 41702 | Vaults:3 | Bought a wand of iceblast (8) for 216 gold pieces
 41702 | Vaults:3 | Bought a wand of iceblast (5) for 162 gold pieces
 41702 | Vaults:3 | Bought a wand of acid (9) for 468 gold pieces
 41702 | Vaults:3 | Bought a wand of clouds (7) for 594 gold pieces
 42223 | Vaults:3 | Found a staircase to the Crypt.
 42448 | Vaults:3 | Reached skill level 15 in Fighting
 43030 | Vaults:3 | Reached XP level 21. HP: 133/202 MP: 28/28
 43809 | Vaults:4 | Noticed kirsanium's ghost (adept DEFE)
 44557 | Vaults:4 | Reached skill level 10 in Necromancy
 44598 | Vaults:4 | Killed kirsanium's ghost
 44598 | Vaults:4 | Reached skill level 16 in Long Blades
 45149 | Vaults:5 | Entered Level 5 of the Vaults
 45487 | Temple   | Got an iridescent double sword
 45488 | Temple   | Identified the +5 double sword of a Million Ships {venom, Str+4} (You acquired it in the Ecumenical Temple)
 45748 | Depths:1 | Entered Level 1 of the Depths
 45839 | Depths:1 | Reached skill level 17 in Long Blades
 46337 | Depths:1 | Reached skill level 18 in Long Blades
 46500 | Depths:1 | Found a one-way gate to the infinite horrors of the Abyss.
 46801 | Depths:1 | Found a gateway to Hell.
 46957 | Depths:2 | Found a hide-covered altar of Uskayaw.
 47149 | Depths:2 | Reached XP level 22. HP: 167/211 MP: 29/29
 47217 | Depths:2 | Reached skill level 19 in Long Blades
 47518 | Depths:2 | Found Mashrabb's Elemental Accessories.
 47546 | Depths:2 | Bought a wand of scattershot (4) for 456 gold pieces
 47546 | Depths:2 | Bought a wand of iceblast (8) for 228 gold pieces
 47556 | Depths:2 | Reached skill level 20 in Long Blades
 48051 | Depths:3 | Noticed Margery
 48201 | Depths:3 | Noticed a juggernaut
 48317 | Depths:3 | Reached skill level 1 in Spellcasting
 48455 | Depths:3 | Found a transporter.
 48521 | Depths:3 | Reached skill level 21 in Long Blades
 49167 | Depths:3 | Killed Margery
 49383 | Depths:3 | Found a corrupted altar of Lugonu.
 49536 | Depths:3 | Found a one-way gate leading to the halls of Pandemonium.
 49982 | Depths:3 | Found a transporter.
 49982 | Depths:3 | Found a runed door.
 49999 | Depths:3 | Found a bloodstained altar of Trog.
 50000 | Depths:3 | Found the cursed necklace of Bloodlust {*Rage +Rage MR++ Int-3 Slay+6 *Curse}
 50022 | Depths:3 | HP: 3/226 [juggernaut (41)]
 50024 | Depths:3 | Annihilated by a juggernaut

Skill      XL: |  1  2  3  4  5  6  7  8  9 10 11 12 13 14 15 16 17 18 19 20 21 22 |
---------------+-------------------------------------------------------------------+-----
Long Blades    | 3 4 5 6 7 9 10 13 14 15 18 21 | 21.5
Armour         | 4 5 6 7 10 11 12 14 | 14.0
Fighting       | 5 9 10 11 12 15 | 15.0
Shields        | 4 7 10 11 12 14 | 14.0
Dodging        | 4 10 11 12 14 | 14.0
Invocations    | 3 6 9 10 11 | 11.0
Evocations     | 7 10 11 | 11.0
Throwing       | 4 6 10 11 | 11.0
Translocations | 8 10 | 10.0
Charms         | 3 7 10 | 10.0
Necromancy     | 3 8 10 | 10.0
Spellcasting   | 3 |  3.3

Action                   |  1- 3 |  4- 6 |  7- 9 | 10-12 | 13-15 | 16-18 | 19-21 | 22-24 || total
-------------------------+-------+-------+-------+-------+-------+-------+-------+-------++-------
Melee: Long sword        |    69 |   141 |   368 |   130 |       |       |       |       ||   708
       Headbutt          |    11 |    34 |   102 |   228 |   489 |   509 |   616 |   161 ||  2150
       Scimitar          |       |       |       |   338 |  1102 |  1209 |  1286 |   326 ||  4261
       Peck              |       |       |       |       |       |    81 |   552 |   140 ||   773
Throw: Tomahawk          |       |       |       |       |    11 |    12 |       |       ||    23
       Javelin           |       |       |       |       |     9 |    32 |     3 |       ||    44
 Cast: Regeneration      |       |       |       |       |       |       |    23 |     7 ||    30
       Shroud of Golubri |       |       |       |       |       |       |    20 |     5 ||    25
       Blink             |       |       |       |       |       |       |     3 |       ||     3
Invok: Slouch            |       |       |       |       |     7 |    16 |    13 |     1 ||    37
 Abil: Evoke Invisibilit |       |       |       |       |       |     5 |     8 |       ||    13
       Evoke Blink       |       |       |       |       |       |     4 |     6 |       ||    10
       Evoke Flight      |       |       |       |       |       |       |     1 |       ||     1
Evoke: Wand              |       |       |       |    11 |    21 |    53 |    20 |     4 ||   109
       Phial of floods   |       |       |       |       |       |       |     1 |       ||     1
  Use: Potion            |       |     1 |     5 |     3 |     3 |     9 |     6 |     3 ||    30
       Scroll            |       |     6 |    10 |     2 |    35 |    14 |    27 |     2 ||    96
 Stab: Invisible         |       |       |     3 |     6 |       |    13 |    14 |       ||    36
       Petrified         |       |       |       |       |     2 |       |     4 |       ||     6
       Distracted        |       |       |       |       |       |       |     2 |       ||     2
       Sleeping          |       |       |       |       |       |       |     2 |       ||     2
       Petrifying        |       |       |       |       |       |       |     1 |       ||     1
  Eat: Chunk             |       |     5 |    12 |     7 |    28 |    22 |    34 |     7 ||   115
       Ration            |       |       |       |       |       |     1 |     2 |       ||     3
Armor: Scale mail        |    47 |    53 |       |       |       |       |       |       ||   100
       Chain mail        |       |    16 |   136 |       |       |       |       |       ||   152
       Plate armour      |       |       |    11 |   133 |   353 |   529 |   290 |   103 ||  1419
       Shadow dragon sca |       |       |       |       |       |       |    28 |       ||    28
Dodge: Dodged            |    28 |    50 |    58 |   228 |   703 |  1133 |   790 |   271 ||  3261
Block: Shield            |    38 |    91 |   208 |   371 |  1167 |  1387 |  1101 |   332 ||  4695
       Reflection        |       |       |       |       |       |    31 |   153 |    17 ||   201
       Rpst.: Long sword |     7 |    11 |    15 |     7 |       |       |       |       ||    40
       Scimitar          |       |       |       |    32 |   142 |   191 |   148 |    44 ||   557
